Map: Frozen Temple

Players

BuBBa

  • Race: Terran Terran
  • League: Master

Pokebunny - Winner!

  • Race: Terran Terran
  • League: Grandmaster

VOD

Have the link to the VOD?

Description

Time

  • Played on: April 4, 2016, 4:04 p.m.
  • Length: 6:36
Show
View Real Time Build Order
Export as new Build Order

BuBBa Terran 

Build Orders: 1/1/1, Liberator Opening 

Get SALT Encoding   

  12  0:00  SCV  
  13  0:12  SCV  
  14  0:18  Supply Depot  
  14  0:24  SCV  
  14  0:28  Refinery  
  15  0:39  SCV  
  16  0:46  Barracks  
  16  0:52  SCV  
  16  0:56  Refinery  
  17  1:04  SCV  
  18  1:16  SCV  
  19  1:32  Orbital Command  
  19  1:33  Reaper  
  19  1:36  Factory  
  20  1:46  Supply Depot  
  20  1:58  SCV  
  21  2:05  Reaper  
  22  2:10  SCV  
  23  2:22  Hellion  
  25  2:23  Starport  
  25  2:31  SCV  
  26  2:40  Reaper  
  26  2:52  Hellion  
  26  2:53  SCV  
  29  3:02  Supply Depot  
  29  3:11  SCV  
  29  3:12  Reaper  
  31  3:15  Supply Depot  
  31  3:24  Hellion  
  32  3:32  SCV  
  33  3:37  Command Center  
  33  3:39  Liberator  
  31  3:48  SCV  
  32  3:49  Reaper  
  32  3:50  Hellion  
  33  4:00  SCV  
  33  4:02  Engineering Bay  
  37  4:12  SCV  
  36  4:19  Hellion  
  36  4:21  Reaper  
  39  4:24  SCV  
  39  4:27  Supply Depot  
  39  4:28  Missile Turret  
  42  4:46  Factory Tech Lab  
  42  4:47  Starport Reactor  
  42  4:50  Barracks  
  40  4:53  Barracks  
  40  4:54  Orbital Command  
  40  4:58  Barracks Reactor  
  40  5:00  SCV  
  29  5:22  Siege Tank  
  29  5:24  SCV  
  29  5:27  Orbital Command  
  33  5:31  Medivac x2  
  33  5:34  Marine x2  
  39  5:36  SCV  
  39  5:38  Barracks Tech Lab  
  39  5:42  Barracks Reactor  
  40  5:53  SCV  
  40  5:55  SCV  
  40  5:56  Marine  
  43  6:03  Marine  
  44  6:05  Marine  
  44  6:06  SCV  
  46  6:14  Marine  
Show
View Real Time Build Order
Export as new Build Order

Pokebunny Terran - Winner!

Build Orders: Reaper Expand 

Get SALT Encoding   

  12  0:00  SCV  
  13  0:13  SCV  
  14  0:18  Supply Depot  
  14  0:25  SCV  
  15  0:39  SCV  
  15  0:41  Barracks  
  16  0:44  Refinery  
  16  0:51  SCV  
  17  1:03  SCV  
  18  1:15  SCV  
  19  1:28  Reaper, Orbital Command  
  20  1:40  Command Center  
  20  1:47  Supply Depot  
  20  1:53  SCV  
  21  2:00  Marine  
  22  2:03  Factory  
  22  2:07  SCV  
  23  2:11  Refinery  
  23  2:19  SCV  
  24  2:28  Marine  
  25  2:36  SCV  
  26  2:50  Marine  
  29  2:51  Hellion  
  29  2:53  Starport, Orbital Command, SCV  
  30  3:05  SCV  
  30  3:08  Marine  
  30  3:11  Widow Mine  
  33  3:25  Marine  
  34  3:28  SCV x2  
  34  3:29  Medivac  
  34  3:32  Supply Depot  
  38  3:35  Barracks  
  38  3:36  Barracks  
  34  3:41  Hellion  
  34  3:46  Marine  
  34  3:47  SCV  
  34  3:48  SCV  
  34  3:59  SCV  
  34  4:00  SCV  
  36  4:02  Factory Tech Lab  
  36  4:04  Barracks Tech Lab  
  36  4:07  Viking  
  36  4:21  Siege Tank  
  37  4:24  Stimpack  
  37  4:26  Barracks Reactor  
  37  4:29  Barracks Reactor  
  37  4:33  Marine  
  38  4:49  SCV x2  
  40  4:53  Siege Tank, Marine  
  40  4:54  Supply Depot  
  43  5:20  Marine x3  
  43  5:21  Marine x2  
  46  5:23  SCV  
  46  5:24  Starport Reactor, SCV  
  46  5:25  Siege Tank  
  53  5:36  Command Center  
  53  5:38  SCV x2  
  53  5:39  Supply Depot  
  53  5:42  Marine x4  
  56  5:44  Marine  
  60  5:51  Supply Depot  
  60  5:52  SCV x2  
  62  6:01  Marine x2  
  62  6:02  Marine x3  
  70  6:13  Supply Depot  
  70  6:15  SCV  
Tags
 
Add a new tag
Caveats
  • Supply blocks, unpowered buildings, or Contaminate may cause inaccurate times.
  • Supply counts are checked every 10 seconds.